 Dungeon Crawl Stone Soup version 0.24-a0-412-ge138f7edaf (webtiles) character file.

Game seed: 13219408484531751690

42 emperorscorpion the Poker (level 3, 0/29 HPs)
             Began as a Demonspawn Chaos Knight on June 6, 2019.
             Was a Plaything of Xom.
             Succumbed to a gnoll's poison
             ... on level 3 of the Dungeon.
             The game lasted 00:01:33 (420 turns).

emperorscorpion the Poker (Demonspawn Chaos Knight)  Turns: 420, Time: 00:01:34

Health: 0/29       AC:  5    Str: 13    XL:     3   Next: 35%
Magic:  3/3        EV: 11    Int: 13    God:    Xom [..*...]
Gold:   52         SH:  0    Dex: 12    Spells: 2/2 levels left

rFire    . . .     SeeInvis .   a - +0 spear (chaos)
rCold    . . .     Gourm    .   (no shield)
rNeg     . . .     Faith    .   b - +2 leather armour
rPois    .         Spirit   .   (no helmet)
rElec    .         Reflect  .   (no cloak)
rCorr    .         Harm     .   (no gloves)
MR       .....                  (no boots)
Stlth    +.........             (no amulet)
HPRegen  0.09/turn              (no ring)
MPRegen  0.08/turn              (no ring)

@: lethally poisoned (0 -> -26)
A: claws 2
a: Renounce Religion


You were on level 3 of the Dungeon.
You worshipped Xom.
You were a toy of Xom.
You were not hungry.

You visited 1 branch of the dungeon, and saw 3 of its levels.

You collected 52 gold pieces.

Inventory:

Hand Weapons
 a - a +0 spear of chaos (weapon)
 e - a +0 mace of protection
Armour
 b - a +2 leather armour (worn)
Scrolls
 g - a scroll of identify {unknown}
Potions
 f - a potion of curing {unknown}
Comestibles
 c - 4 rations
 d - a chunk of flesh


   Skills:
 + Level 3.4 Fighting
 + Level 3.5 Polearms
 + Level 1.8 Armour
 + Level 0.9 Dodging
 + Level 0.3 Stealth


You had 2 spell levels left.
You didn't know any spells.
Your spell library was empty.

Dungeon Overview and Level Annotations

Branches:
Dungeon (3/15)

Altars:
Makhleb
Qazlal
Sif Muna
Uskayaw
Xom


Innate Abilities, Weirdness & Mutations

You have very sharp fingernails.


Message History

The helpless gnoll fails to defend itself.
You hit the gnoll. You drain the gnoll.
You kill the gnoll!
A gnoll comes into view. It is wielding a +2 spear of venom.
You closely miss the gnoll. The gnoll hits you with a +0 flail.
The gnoll hits you with a +2 spear of venom.
You are poisoned.
Your leather armour prevents you from hitting the gnoll.
You feel sick.
The gnoll hits you with a +2 spear of venom.
You are more poisoned.
You feel sick.
The gnoll hits you from afar with a +2 spear of venom.
You are lethally poisoned!
The gnoll hits you with a +0 flail!
* * * LOW HITPOINT WARNING * * *
* * * LOW HITPOINT WARNING * * *
You feel sick.
You die...
Xom chuckles heartily!

########.....#.####....#.#.#.
#............#.# #รท...# #
#............#.# #....#
#..............# #....#
#........####### #....#
#........##########....#
####+#.#.#.#.#.#.#+....#.#
#.#.#.#.#.#.#.#.....#
#.#.#.#.#@#.#.#.#.#.#.
##.#.#.#.#.#.#.#.#
#.#.#.#.#.#.#.#.#.#
##.#.#.#.#.#g#.#.#.#
....#.#.#.#)#g#.#.#.#
....#.#.#.#.#.#g#.#.#.#
....'#.#.#.# #.#.#.#.#.#
.#.#.#.# #.#.#.#. .#.#.#
#.#.#.


You could see 3 gnolls.

Vanquished Creatures
  2 adders
  A gnoll (D:3)
  An ooze (D:2)
  A ball python (D:2)
  3 bats
  A goblin (D:1)
  3 frilled lizards (D:1)
  2 kobolds (D:1)
  A rat (D:1)
15 creatures vanquished.

Notes
Turn   | Place    | Note
-------+----------+-------------------------------------------
     0 | D:1      | emperorscorpion the Demonspawn Chaos Knight began the quest
                  | for the Orb.
     0 | D:1      | Reached XP level 1. HP: 18/18 MP: 1/1
   141 | D:2      | Gained mutation: You have sharp fingernails. [demonic
                  | ancestry]
   141 | D:2      | Reached XP level 2. HP: 20/24 MP: 2/2
   169 | D:2      | Found a burning altar of Makhleb.
   169 | D:2      | Found a deep blue altar of Sif Muna.
   169 | D:2      | Found a shimmering altar of Xom.
   170 | D:2      | Found a stormy altar of Qazlal.
   170 | D:2      | Found a hide-covered altar of Uskayaw.
   325 | D:3      | Gained mutation: You have very sharp fingernails. [demonic
                  | ancestry]
   325 | D:3      | Reached XP level 3. HP: 23/29 MP: 3/3
   420 | D:3      | Succumbed to a gnoll's poison

Levels and vault maps discovered:
D:1:      lightli_arrival_lavapool, layout_rooms
D:2:      layout_loops_ring, grunt_temple_overflow_open, old_standard_altar,
          first_ration, feat_on_display, uniq_robin, uniq_sigmund
D:3:      layout_basic

Skill      XL: |  1 |
---------------+----+-----
Polearms       | 3 |  3.5
Fighting       | |  3.4
Armour         | |  1.8
Dodging        | |  0.9
Stealth        | |  0.3

Action                   || total
-------------------------++-------
Melee: Spear             ||    46
  Use: Scroll            ||     1
 Stab: Paralysed         ||     1
       Sleeping          ||     1
       Petrified         ||     9
Armor: Leather armour    ||     5
Dodge: Dodged            ||    14

Table legend:
 A = Non-vault XP
 B = Vault XP
 C = Vault XP percentage of total XP
 D = Non-vault monster count
 E = Vault monster count
 F = Vault count percentage of total count
                 A         B        C        D         E       F
            +---------+---------+-------+---------+---------+-------
      Total |      61 |       0 |   0.0 |      15 |       0 |   0.0
            +---------+---------+-------+---------+---------+-------
        D:1 |      11 |       0 |   0.0 |       9 |       0 |   0.0
        D:2 |      22 |       0 |   0.0 |       3 |       0 |   0.0
        D:3 |      28 |       0 |   0.0 |       3 |       0 |   0.0
            +---------+---------+-------+---------+---------+-------
